 Dungeon Crawl Stone Soup version 0.31.0-9-g3a7656b989 (webtiles) character file.

Game seed: 18394357795730776309

18 ChrisAssaf the Ruffian (level 2, -1/6 HPs)
             Began as a Human Shapeshifter on Jan 24, 2024.
             Slain by a kobold
             ... wielding a +0 falchion
              (5 damage)
             ... on level 2 of the Dungeon.
             The game lasted 00:02:29 (780 turns).

ChrisAssaf the Ruffian (Human Shapeshifter)          Turns: 780, Time: 00:02:29

Health: -1/6       AC:  0    Str: 14    XL:     2   Next: 66%
Magic:  2/2        EV: 12    Int: 10    God:
Gold:   10         SH:  0    Dex: 12    Spells: 1/1 levels left

rFire   . . .        f - +1 short sword (drain)
rCold   . . .        (no shield)
rNeg    . . .        a - melded +0 animal skin
rPois   .            (no helmet)
rElec   .            (no cloak)
rCorr   .            (no gloves)
SInv    .            (no boots)
Will    .....        (no amulet)
Stlth   +            (no ring)
HPRegen 0.21/turn    (no ring)
MPRegen 0.08/turn

%: no passive effects
@: maw-form
A: devouring maw, reduced hp, explore regen
a: Begin Untransformation


You were on level 2 of the Dungeon.
You were a creature with a mouth for a stomach.
You visited 1 branch of the dungeon, and saw 2 of its levels.

You collected 10 gold pieces.

Inventory:

Hand Weapons
 f - a +1 short sword of draining (weapon)
Armour
 a - a +0 animal skin (melded)
Talismans
 c - a beast talisman
 d - a flux talisman
 g - a maw talisman (active)
Scrolls
 e - a scroll of fog {unknown}
Potions
 b - a potion of heal wounds {unknown}


   Skills:
 * Level 1.0 Fighting
 * Level 0.1 Short Blades
 * Level 0.2 Armour
 * Level 2.1 Dodging
 * Level 0.2 Stealth
 * Level 3.4 Unarmed Combat
 * Level 3.2 Shapeshifting


You had one spell level left.
You didn't know any spells.
Your spell library was empty.

Dungeon Overview and Level Annotations

Branches:
Dungeon (2/15)

Altars:


Innate Abilities, Weirdness & Mutations

You are a creature with a mouth for a stomach.
Your midsection houses a second, enormous mouth.
Your maximum health is decreased, since you lack skill for your form.
You regain HP and MP as you explore.


Message History

You cannot move.
You cannot move.
You start resting.
Your transformation is almost over.
You feel less wooden.
Your +0 animal skin unmelds from your body.
You turn into a creature with a mouth for a stomach.
Your +0 animal skin melds into your body.
There is a stone staircase leading down here.
You see here a ribbon worm corpse.
There is a stone staircase leading down here.
You see here a ribbon worm corpse.
A quokka comes into view.
The quokka twitches its whiskers.
You hit the quokka. Your bite misses the quokka.
The quokka is heavily wounded.
The quokka misses you. The quokka closely misses you.
You closely miss the quokka. You bite the quokka.
You kill the quokka!
An adder comes into view.
There is a shaft here.
The adder hisses angrily.
There is a shaft here.
The adder falls through a shaft!
The shaft crumbles and collapses.
Found a robe.
A dart slug comes into view.
A ball python skeleton comes into view.
Found a metallic emerald potion.
b - a metallic emerald potion A ball python zombie comes into view.
A kobold comes into view. It is wielding a +0 falchion.
The kobold shouts!
You hit the kobold but do no damage. Your bite misses the kobold.
The kobold closely misses you.
You closely miss the kobold. You bite the kobold, but do no damage.
The kobold hits you with a +0 falchion.
You barely miss the kobold. Your bite misses the kobold.
The kobold hits you with a +0 falchion.
Ouch! That really hurt!
You die...

# .. ## .## #.
... #. ..# #.
####..# #.
#....#
#.###.###.##
#.WK.......#
#####.#####.#
#. #.# #. #.#
##. #.# ##..
#.# #... #.#
##..
#.############.
#..............


You could see a kobold.

Vanquished Creatures
  2 ribbon worms (D:2)
  2 giant cockroaches (D:1)
  3 jackals (D:1)
  2 quokkas
  2 bats
  A kobold (D:1)
12 creatures vanquished.

Notes
Turn   | Place    | Note
-------+----------+-------------------------------------------
     0 | D:1      | ChrisAssaf the Human Shapeshifter began the quest for the
                  | Orb.
     0 | D:1      | Reached XP level 1. HP: 15/15 MP: 1/1
   367 | D:1      | Reached XP level 2. HP: 7/21 MP: 2/2
   780 | D:2      | Slain by a kobold

Illustrated notes

Levels and vault maps discovered:
D:1:      saegor_arrival_fortress, layout_basic
D:2:      layout_loops_corners, serial_undead, serial_undead_e, serial_undead_d,
          serial_undead_a, serial_undead_b

Action                     || total
---------------------------++-------
  Melee: Unarmed           ||    14
         Short sword       ||    33
         Maw               ||     2
         Punch             ||     1
    Use: Potion            ||     1
 Armour: Animal skin       ||    31
         Skin              ||     4
  Dodge: Dodged            ||    27
   Form: Maw               ||     1
